 Dungeon Crawl Stone Soup version 0.30.1 (webtiles) character file.

Game seed: 15452331218354527101

6 H0rd4k the Charlatan (level 1, 0/13 HPs)
             Began as an Octopode Artificer on July 5, 2023.
             Slain by a hobgoblin (3 damage)
             ... on level 1 of the Dungeon.
             The game lasted 00:00:12 (185 turns).

H0rd4k the Charlatan (Octopode Artificer)            Turns: 185, Time: 00:00:12

Health: 0/13       AC:  1    Str: 11    XL:     1   Next: 90%
Magic:  1/1        EV: 13    Int: 13    God:
Gold:   5          SH:  0    Dex: 12    Spells: 0/0 levels left

rFire   . . .        (no weapon)
rCold   . . .        (no shield)
rNeg    . . .        (helmet restricted)
rPois   .            (no amulet)
rElec   .            (no ring)
rCorr   .            (no ring)
SInv    .            (no ring)
Will    .....        (no ring)
Stlth   +++          (no ring)
HPRegen 0.22/turn    (no ring)
MPRegen 0.07/turn    (no ring)
                     (no ring)

%: no passive effects
@: no status effects
A: almost no armour, amphibious, 8 rings, camouflage 1, gelatinous body 1,
(nimble swimmer 1), tentacles
a: no special abilities


You were on level 1 of the Dungeon.
You visited 1 branch of the dungeon, and saw 1 of its levels.

You collected 5 gold pieces.

Inventory:

Wands
 b - a wand of flame (15) (quivered)
 c - a wand of charming (15)
 d - a wand of iceblast (5)
Scrolls
 a - a scroll of teleportation {unknown}
 e - a scroll of enchant weapon {unknown}


   Skills:
 + Level 1.2 Fighting
 + Level 2.3 Dodging
 + Level 1.3 Stealth
 + Level 0.2 Unarmed Combat
 + Level 3.6 Evocations


You couldn't memorise any spells.
You didn't know any spells.
Your spell library was empty.

Dungeon Overview and Level Annotations

Branches:
Dungeon (1/15)

Altars:


Innate Abilities, Weirdness & Mutations

You cannot wear most types of armour.
You are amphibious.
You can wear up to eight rings at the same time.
Your skin changes colour to match your surroundings (Stealth+).
Your rubbery body absorbs attacks. (AC +1, EV +1)
((You are camouflaged when in or above water. (Stealth+)))
You have tentacles for arms and can constrict up to eight enemies at once.


Message History

The rat is moderately wounded.
You constrict the rat. The rat closely misses you.
A rat is nearby!
You barely miss the rat.
The rat is severely wounded.
You constrict the rat.
You kill the rat!
e - a scroll labelled ESI YZEDECS No target in view!
A hobgoblin comes into view.
The hobgoblin shouts!
A hobgoblin comes into view.
A giant cockroach comes into view.
The hobgoblin moves out of view.
There are monsters nearby!
The hobgoblin hits you.
You closely miss the hobgoblin. You grab the hobgoblin.
You constrict the hobgoblin, but do no damage.
The giant cockroach bites you but does no damage.
The hobgoblin closely misses you.
There are monsters nearby!
You tentacle-slap the hobgoblin.
The hobgoblin is lightly wounded.
You constrict the hobgoblin, but do no damage.
The giant cockroach bites you. The hobgoblin hits you.
There are monsters nearby!
You tentacle-slap the hobgoblin but do no damage.
You squeeze the hobgoblin.
The hobgoblin is moderately wounded.
You constrict the hobgoblin. The giant cockroach barely misses you.
The hobgoblin hits you.
* * * LOW HITPOINT WARNING * * *
There are monsters nearby!
You are too injured to fight recklessly!
You release your grip on the hobgoblin.
The hobgoblin attacks as you move away! The hobgoblin closely misses you.
You see here a scroll labelled YGRYSHR DOASSOU.
The hobgoblin attacks as you move away! The hobgoblin misses you.
The giant cockroach closely misses you. The hobgoblin attacks as you move away!
The hobgoblin hits you.
You die...

#......#...#.##.......###
...#.#....#.##.......##.
.........#..........##.
#.......#.##.......##.
#..$#..##.##..........
.#.#...#.#.#.##.......##.
.......g.#.#.###########.
......#.Bg#...# ##.# ....
#..@#.#.# #.## .#..#
####.##.##### ##.#
......#.....#.....# ##.
............#####.########
...#........# #.........
##..###..# ########## ###
####


You could see a giant cockroach and 2 hobgoblins.

Vanquished Creatures
  A dart slug (D:1)
  A goblin (D:1)
  A hobgoblin (D:1)
  A rat (D:1)
4 creatures vanquished.

Notes
Turn   | Place    | Note
-------+----------+-------------------------------------------
     0 | D:1      | H0rd4k the Octopode Artificer began the quest for the Orb.
     0 | D:1      | Reached XP level 1. HP: 13/13 MP: 1/1
   185 | D:1      | Slain by a hobgoblin

Illustrated notes

Levels and vault maps discovered:
D:1:      matt_arrival_debris, layout_loops_cross, nicolae_shop_vocational

Action                     || total
---------------------------++-------
  Melee: Unarmed           ||    18
         Constrict         ||     5
         Tentacles         ||     3
   Stab: Sleeping          ||     2
 Armour: Skin              ||     1
  Dodge: Dodged            ||    10
